 Dungeon Crawl Stone Soup version bcrawl-1.13.2 (webtiles) character file.

Game seed: 14628387289898178644

242 Felnil the Covered (level 5, 0/32 HPs)
             Began as a Skeleton Fighter on Aug 10, 2019.
             Killed by divine providence
             ... invoked by an orc priest
              (13 damage)
             ... on level 3 of the Dungeon.
             The game lasted 00:04:57 (2619 turns).

Felnil the Covered (Skeleton Fighter)               Turns: 2619, Time: 00:04:57

Health: 0/32       AC:  7    Str: 22 (23) XL:     5   Next: 82%
Magic:  0/5        EV:  8    Int:  7      God:
Gold:   222        SH:  9    Dex:  8      Spells: 4/4 levels left

rFire    . . .     SeeInvis .   a - +0 war axe
rCold    + . .     Gourm    .   c - +0 shield
rNeg     + + +     Faith    +   b - +0 scale mail
rPois    ∞         Spirit   +   (no helmet)
rElec    .         Reflect  .   (no cloak)
rCorr    .         Harm     .   (no gloves)
MR       .....                  (no boots)
Stlth    ++........             i - amulet of faith
HPRegen  0.10/turn              f - ring of stealth
MPRegen  0.09/turn              (no ring)

@: no status effects
A: no food or potions, cold resistance 1, deterioration 1, negative energy
resistance 3, torment resistance, unbreathing, magic shield, sturdy frame 1,
spell healing
a: no special abilities


You were on level 3 of the Dungeon.
You were not hungry.

You visited 1 branch of the dungeon, and saw 3 of its levels.

You collected 222 gold pieces.

Inventory:

Hand Weapons
 a - a +0 war axe (weapon)
Armour
 b - a +0 scale mail (worn)
 c - a +0 shield (worn)
Jewellery
 f - a ring of stealth (left hand)
 i - an amulet of faith (around neck)
Scrolls
 d - 3 scrolls of identify {unknown}
 e - 2 scrolls of blinking {unknown}
 g - a scroll of fear {unknown}
 h - a scroll of immolation {unknown}
 j - a scroll of fog {unknown}
 k - a scroll of enchant weapon {unknown}
 l - a scroll of amnesia {unknown}


   Skills:
 - Level 3.0 Fighting
 - Level 2.4 Axes
 + Level 7.3 Armour
 - Level 3.6 Shields


You had 4 spell levels left.
You didn't know any spells.
Your spell library was empty.

Dungeon Overview and Level Annotations

Branches:
Dungeon (3/12)

Altars:


Innate Abilities, Weirdness & Mutations

You do not eat or drink.
You are immune to poison.
Your flesh is cold resistant. (rC+)
Your body sometimes deteriorates upon taking damage.
You are immune to negative energy. (rN+++)
You are immune to unholy pain and torment.
You can survive without breathing.
When hurt, damage is shared between your health and your magic reserves.
Your movements are slightly less encumbered by armour. (ER -2)
Casting spells heals you.


Message History

You slash the orc priest!
An orc comes into view. It is wielding a +0 mace.
You block the orc priest's attack.
An orc comes into view. It is wielding a +0 flail.
You hit the orc priest.
The orc priest is almost dead.
You block the orc priest's attack.
An orc comes into view. It is wielding a +0 mace.
The orc priest invokes the aid of Beogh against you.
Beogh smites you!
Your body deteriorates!
You feel weakened.
The orc shouts!
You are too injured to fight recklessly!
You are too injured to fight recklessly!
You are too injured to fight recklessly!
You are too injured to fight recklessly!
You see here an adder corpse.
The orc priest mumbles some strange prayers to Beogh against you.
Beogh smites you!
You die...

##.##.###.....#..####.#
##.###.###...÷.......#.#
##.......##.....##.##.#.#
.#o..###..##.<..###.# #.#
......o...##.#)## #.# #.#
.....##...##.#.# #.# #)#
#.# #oo.##.#.# #l#
#..†#.#... ... #.#..@#
#.. .. #.###.#.#...# ..#
##.#.#.## ### ##.#.# . ..
##


You could see an orc priest and 2 orcs.

Vanquished Creatures
  An orc priest (D:3)
  An iguana (D:3)
  An orc wizard (D:3)
  A worker ant (D:3)
  4 gnolls (D:3)
  2 adders
  4 worms
  A dart slug (D:2)
  4 leopard geckos
  10 orcs
  A ball python (D:1)
  7 giant cockroaches
  3 goblins
  6 hobgoblins
  A quokka (D:2)
  5 bats
  3 frilled lizards
  3 kobolds
  5 rats
63 creatures vanquished.

Notes
Turn   | Place    | Note
-------+----------+-------------------------------------------
     0 | D:1      | Felnil the Skeleton Fighter began the quest for the Orb.
     0 | D:1      | Reached XP level 1. HP: 14/14 MP: 1/1
   207 | D:1      | Reached skill level 4 in Armour
   207 | D:1      | Reached XP level 2. HP: 19/19 MP: 2/2
  1100 | D:2      | Reached XP level 3. HP: 20/23 MP: 1/3
  1344 | D:2      | Reached skill level 5 in Armour
  1658 | D:3      | Reached XP level 4. HP: 17/28 MP: 2/4
  1968 | D:3      | Reached skill level 6 in Armour
  2005 | D:3      | HP: 1/28 [orc/+0 hand axe (1)]
  2008 | D:3      | Reached XP level 5. HP: 2/32 MP: 0/5
  2010 | D:3      | HP: 1/32 [orc (1)]
  2410 | D:3      | Reached skill level 7 in Armour
  2619 | D:3      | Killed from afar by an orc priest

Skill      XL: |  1  2  3  4  5 |
---------------+----------------+-----
Armour         | 4 5 6 7 |  7.3
Fighting       | |  3.0
Axes           | |  2.4
Shields        | |  3.6

Action                   |  1- 3 |  4- 6 || total
-------------------------+-------+-------++-------
Melee: War axe           |   134 |   134 ||   268
 Stab: Sleeping          |     4 |       ||     4
       Distracted        |     1 |       ||     1
Armor: Scale mail        |    55 |    35 ||    90
Dodge: Dodged            |    47 |    36 ||    83
Block: Shield            |    84 |    76 ||   160
